 Dungeon Crawl Stone Soup version 0.30-b1-5-g8e6c1be481 (webtiles) character file.

Game seed: 3351693712322543228

1939 Erymatos the Cleaver (level 8, -3/73 HPs)
             Began as a Minotaur Berserker on May 4, 2023.
             Was an Elder of Trog.
             Shot with an arrow by a centaur (7 damage)
             ... on level 9 of the Dungeon.
             The game lasted 00:06:27 (6048 turns).

Erymatos the Cleaver (Minotaur Berserker)           Turns: 6048, Time: 00:06:28

Health: -3/73      AC:  7    Str: 24    XL:     8   Next: 98%
Magic:  7/7        EV: 12    Int:  4    God:    Trog [****..]
Gold:   519        SH:  0    Dex: 10    Spells: 7/7 levels left

rFire   + . .        w - +3 hand axe
rCold   + . .        (no shield)
rNeg    . . .        j - +0 ring mail
rPois   +            (helmet restricted)
rElec   +            (no cloak)
rCorr   +            (no gloves)
SInv    .            t - +0 pair of boots
Will    .....        x - amulet of faith
Stlth   +            p - ring of resist corrosion
HPRegen 0.32/turn    (no ring)
MPRegen 0.10/turn

%: faith
@: lethally poisoned (-3 -> -6), resistant, slowed, very slow
A: horns 2, retaliatory headbutt
a: Renounce Religion, Berserk, Trog's Hand, Brothers in Arms


You were on level 9 of the Dungeon.
You worshipped Trog.
Trog was greatly pleased with you.
You visited 1 branch of the dungeon, and saw 7 of its levels.
You also visited: Sewer.

You collected 519 gold pieces.

Inventory:

Hand Weapons
 a - a +0 hand axe
 q - a +0 war axe
 w - a +3 hand axe (weapon)
Armour
 b - a +0 animal skin
 j - a +0 ring mail (worn)
 t - a +0 pair of boots (worn)
Jewellery
 d - a ring of poison resistance
 p - a ring of resist corrosion (left hand)
 x - an amulet of faith (around neck)
 B - a ring of fire
Wands
 C - a wand of flame (30)
Scrolls
 e - 2 scrolls of fog
 f - 2 scrolls of noise
 k - 2 scrolls of poison
 n - a scroll of enchant weapon
 o - 4 scrolls of teleportation
 r - 3 scrolls of blinking
 s - a scroll of enchant armour
 v - 2 scrolls of fear
 y - 2 scrolls of magic mapping {unknown}
 A - a scroll of summoning {unknown}
 D - 2 scrolls of identify
 E - a scroll of immolation {unknown}
Potions
 c - 2 potions of resistance
 g - 6 potions of curing
 h - 2 potions of lignification {unknown}
 i - 2 potions of attraction {unknown}
 l - 2 potions of might {unknown}
 m - 2 potions of ambrosia {unknown}
 u - a potion of mutation {unknown}
 z - 2 potions of brilliance {unknown}


   Skills:
 + Level 7.1 Fighting
 + Level 9.9 Axes
 + Level 6.9 Armour
 + Level 5.1 Dodging
 - Level 1.0 Stealth


You had 7 spell levels left.
You didn't know any spells.
Your spell library was empty.

Dungeon Overview and Level Annotations

Branches:
Dungeon (6/15)             Temple (0/1) D:6           Sewer (visited)

Altars:
Gozag
Makhleb


Innate Abilities, Weirdness & Mutations

You have a pair of horns on your head.
You reflexively headbutt those who attack you in melee.


Message History

The centaur shoots an arrow.
The arrow barely misses you.
The kobold brigand throws a curare-tipped dart.
The curare-tipped dart barely misses you.
The centaur shoots an arrow.
The arrow hits you! The arrow burns you.
The howler monkey hoots and howls with incredible vigour!
You hear an angry hiss.
The centaur shoots an arrow.
The arrow closely misses you.
The kobold brigand throws a curare-tipped dart.
The curare-tipped dart hits you.
You are poisoned.
You have difficulty breathing.
You feel yourself slow down.
You feel very sick.
You feel very sick.
The centaur shoots an arrow.
The arrow closely misses you.
The centaur shoots an arrow.
The arrow hits you. The arrow burns you.
You feel sick.
The centaur shoots an arrow.
The arrow hits you! The arrow burns you.
* * * LOW HITPOINT WARNING * * *
The centaur shoots an arrow.
The arrow hits you!
* * * LOW HITPOINT WARNING * * *
The arrow burns you.
* * * LOW HITPOINT WARNING * * *
The centaur shoots an arrow.
The arrow barely misses you.
It was a potion of resistance.
You feel protected.
You feel sick.
The centaur shoots an arrow.
The arrow completely misses you.
The kobold brigand throws a curare-tipped dart.
The curare-tipped dart barely misses you.
Unknown command.
You feel better.
The kobold brigand throws a curare-tipped dart.
The curare-tipped dart hits you.
You are poisoned.
You have difficulty breathing.
* * * LOW HITPOINT WARNING * * *
You feel as though you will be slow longer.
* * * LOW HITPOINT WARNING * * *
You feel very sick.
The centaur shoots an arrow.
The arrow hits you!
You die...

..## #..# #.)## ..... #..#
#.## ##..######..... ##.##
##.# #K.).......# #..##
#..# #K........## #...#
#..# #.Kc.....##
###..###..# #h.##....#
###...##..## #........#
.#.........######...####.#
...###.####....#@#### #.#
.### #.# #####.## #. ##
#.# #.# #.# ### ###


You could see a kobold brigand, a centaur, a howler monkey and 2 kobolds.

Vanquished Creatures
  Eustachio (D:6)
  An ice beast (D:6)
  2 ogres (D:5)
  2 centaurs (D:6)
  A phantom (D:4)
  Blork the orc (D:6)
  3 bullfrogs
  3 scorpions
  5 wights (D:6)
  A jelly (D:5)
  An orc priest (D:6)
  3 hounds
  2 sleepcaps
  6 iguanas
  8 adders
  3 gnolls (D:6)
  A river rat (D:4)
  An ufetubus (D:5)
  2 worms
  A dart slug (D:2)
  16 orcs
  18 ball pythons
  7 bats
  9 endoplasms
  13 giant cockroaches
  7 goblins
  5 hobgoblins
  7 jackals
  9 quokkas
  7 frilled lizards
  9 kobolds
  3 rats
158 creatures vanquished.

Notes
Turn   | Place    | Note
-------+----------+-------------------------------------------
     0 | D:1      | Erymatos the Minotaur Berserker began the quest for the
                  | Orb.
     0 | D:1      | Reached XP level 1. HP: 19/19 MP: 0/0
   138 | D:1      | Reached XP level 2. HP: 27/27 MP: 1/1
   146 | D:1      | Reached skill level 4 in Axes
  1089 | D:2      | Reached ** piety under Trog
  1100 | D:2      | Reached XP level 3. HP: 19/33 MP: 2/2
  1697 | D:3      | Found a burning altar of Makhleb.
  1738 | D:3      | Reached XP level 4. HP: 19/41 MP: 3/3
  2029 | D:3      | Noticed a scorpion
  2037 | D:3      | Killed a scorpion
  2038 | D:3      | Reached skill level 5 in Axes
  2038 | D:3      | Reached XP level 5. HP: 47/47 MP: 4/4
  3021 | D:4      | Found a glowing drain.
  3032 | Sewer    | Entered a sewer
  3206 | Sewer    | Reached *** piety under Trog
  3292 | Sewer    | Reached XP level 6. HP: 53/53 MP: 5/5
  3320 | Sewer    | Reached skill level 5 in Fighting
  3320 | Sewer    | Reached skill level 6 in Axes
  3481 | D:4      | Reached skill level 5 in Armour
  3562 | D:4      | Reached XP level 7. HP: 60/61 MP: 6/6
  3984 | D:5      | Entered Level 5 of the Dungeon
  4024 | D:5      | Reached skill level 7 in Axes
  4212 | D:5      | Reached skill level 1 in Stealth
  4355 | D:5      | Reached **** piety under Trog
  4623 | D:5      | Reached XP level 8. HP: 70/70 MP: 7/7
  4972 | D:6      | Reached skill level 8 in Axes
  5151 | D:6      | Found an opulent altar of Gozag.
  5203 | D:6      | Noticed Blork the orc
  5214 | D:6      | Killed Blork the orc
  5281 | D:6      | Reached skill level 9 in Axes
  5310 | D:6      | Reached skill level 5 in Dodging
  5598 | D:6      | Found a staircase to the Ecumenical Temple.
  5601 | D:6      | Noticed Eustachio
  5608 | D:6      | Killed Eustachio
  5832 | D:6      | You fall into a shaft and drop 3 floors!
  6048 | D:9      | Shot with an arrow by a centaur

Illustrated notes

Levels and vault maps discovered:
D:1:      saegor_arrival_simple_b, layout_basic
D:2:      layout_basic, minmay_pentomino_t4
D:3:      layout_loops_corners, mainiacjoe_overflow_paths
D:4:      layout_basic, cheibrodos_sewer_entry_sluice, minmay_misc_feat_hallway
D:5:      layout_loops_ring
D:6:      corexii_shack_village, layout_rooms, grunt_gozag_breadcrumbs,
          minmay_temple_entry_drinking_statues, serial_co_window_serial,
          co_window_corner_a, co_window_corner_a, co_window_paths_a,
          co_window_paths_a, co_window_cross_1, co_window_unsneaky_path_a,
          co_window_corner_b, co_window_cross_2, co_window_2corner,
          co_window_of_opportunity_c, co_window_paths_e, glass_columns_a,
          glass_columns_a, glass_columns_a, glass_columns_a, uniq_eustachio,
          uniq_blork_the_orc
D:9:      kennysheep_spiral_hall, layout_layer_cave, guppyfry_shop_venom,
          uniq_erica

Skill      XL: |  1  2  3  4  5  6  7  8 |
---------------+-------------------------+-----
Fighting       | 4 5 6 7 |  7.1
Axes           | 4 5 6 7 9 |  9.9
Armour         | 3 4 5 6 |  6.9
Dodging        | 3 4 5 |  5.1
Stealth        | 1 |  1.0

Action                     |  1- 3 |  4- 6 |  7- 9 || total
---------------------------+-------+-------+-------++-------
  Melee: Hand axe          |    73 |     6 |   130 ||   209
         Headbutt          |    11 |    19 |    30 ||    60
         War axe           |       |   148 |     1 ||   149
         Punch             |       |     1 |     1 ||     2
 Invoke: Berserk           |       |     4 |     4 ||     8
    Use: Scroll            |       |       |     8 ||     8
         Potion            |       |       |     2 ||     2
 Armour: Animal skin       |     4 |       |       ||     4
         Ring mail         |    11 |    69 |    46 ||   126
  Dodge: Dodged            |    49 |   106 |    88 ||   243
